Map: 궤도 조선소

Players

ROKI

  • Race: Protoss Protoss

인공지능 칸 (정예) - Winner!

  • Race: Zerg Zerg

VOD

Have the link to the VOD?

Description

Time

  • Played on: Jan. 21, 2016, 5:04 p.m.
  • Length: 4:42
Show
View Real Time Build Order
Export as new Build Order

ROKI Protoss 

Build Orders: 1 Gate Expand 

Get SALT Encoding   

  12  0:01  Probe (Chrono Boost)  
  13  0:11  Probe (Chrono Boost)  
  14  0:22  Probe (Chrono Boost), Pylon  
  15  0:40  Probe (Chrono Boost)  
  16  0:43  Gateway  
  16  0:46  Assimilator  
  16  0:52  Probe (Chrono Boost)  
  17  1:03  Probe (Chrono Boost)  
  18  1:13  Probe (Chrono Boost)  
  19  1:24  Probe (Chrono Boost)  
  20  1:27  Nexus  
  20  1:34  Probe (Chrono Boost)  
  20  1:38  Assimilator  
  21  1:49  Pylon  
  21  1:52  Probe (Chrono Boost)  
  22  2:03  Probe (Chrono Boost)  
  22  2:13  Probe (Chrono Boost)  
  23  2:19  Cybernetics Core  
  23  2:27  Probe (Chrono Boost)  
  24  2:43  Pylon  
  24  2:45  Probe x2 (Chrono Boost)  
  26  2:55  Probe (Chrono Boost)  
  27  3:03  Robotics Facility  
  28  3:06  Probe (Chrono Boost)  
  28  3:08  Probe (Chrono Boost)  
  28  3:12  Adept  
  31  3:16  Probe (Chrono Boost)  
  31  3:19  Probe (Chrono Boost)  
  33  3:25  Pylon  
  33  3:27  Probe (Chrono Boost)  
  33  3:29  Probe (Chrono Boost)  
  35  3:37  Gateway  
  35  3:38  Probe (Chrono Boost)  
  37  3:42  Mothership Core (Chrono Boost)  
  37  3:47  Probe (Chrono Boost), Adept  
  41  3:49  Warp Prism  
  43  3:57  Probe  
  44  4:04  Assimilator  
  44  4:09  Assimilator  
  44  4:10  Twilight Council  
  44  4:12  Pylon  
  44  4:13  Pylon  
Show
View Real Time Build Order
Export as new Build Order

인공지능 칸 (정예) Zerg - Winner!

Build Orders: Pool First 

Get SALT Encoding   

  12  0:00  Drone  
  13  0:12  Overlord  
  13  0:17  Drone  
  14  0:30  Drone  
  15  0:39  Spawning Pool  
  15  0:40  Drone  
  15  0:44  Drone  
  15  0:48  Drone  
  17  0:52  Extractor  
  17  0:55  Drone  
  17  1:06  Drone  
  18  1:17  Drone  
  19  1:25  Queen  
  19  1:27  Zergling x2  
  19  1:30  Roach Warren  
  21  1:38  Overlord  
  21  1:49  Drone  
  22  1:59  Overlord  
  22  2:10  Roach  
  24  2:21  Roach  
  26  2:25  Hatchery  
  25  2:32  Drone, Roach  
  30  2:37  Roach  
  30  2:43  Roach  
  32  2:54  Roach  
  34  3:03  Overlord  
  34  3:04  Roach  
  34  3:05  Roach  
  38  3:22  Roach x2  
  42  3:27  Roach  
  44  3:35  Overlord  
  44  3:36  Roach  
  44  3:38  Roach  
  48  3:45  Roach  
  50  3:50  Zergling x2  
  50  4:17  Zergling x2  
  50  4:19  Extractor  
  50  4:21  Extractor  
  50  4:23  Drone  
  50  4:27  Drone  
  50  4:30  Drone  
  52  4:38  Extractor  
Tags
 
Add a new tag
Caveats
  • Supply blocks, unpowered buildings, or Contaminate may cause inaccurate times.
  • Supply counts are checked every 10 seconds.